 Dungeon Crawl Stone Soup version 0.30-a0-1112-gfb780f5df6 (webtiles) character file.

Game seed: 15973772691499024628

77 sampeng1 the Cutter (level 4, -1/37 HPs)
             Began as a Human Chaos Knight on Apr 20, 2023.
             Was a Plaything of Xom.
             Slain by Duvessa
             ... wielding a +1 short sword of venom
              (6 damage)
             ... on level 4 of the Dungeon.
             The game lasted 00:11:14 (876 turns).

sampeng1 the Cutter (Human Chaos Knight)             Turns: 876, Time: 00:11:14

Health: -1/37      AC:  7    Str: 17    XL:     4   Next: 58%
Magic:  4/4        EV: 12    Int: 12    God:    Xom [....*.]
Gold:   161        SH:  0    Dex: 19    Spells: 3/3 levels left

rFire   . . .      SeeInvis .    p - +2 dagger (drain)
rCold   + + .      Faith    .    (no shield)
rNeg    . . .      Spirit   .    b - +2 leather armour
rPois   .          Reflect  .    (no helmet)
rElec   .          Rampage  .    (no cloak)
rCorr   .                        (no gloves)
Will    .....                    m - +1 pair of boots of Panentheism {rC+ Str+3}
Stlth   ++                       (no amulet)
HPRegen 0.26/turn                i - ring of protection from cold
MPRegen 0.09/turn                k - +6 ring of dexterity

@: lethally poisoned (-1 -> -18)
A: no striking features
a: Renounce Religion


You were on level 4 of the Dungeon.
You worshipped Xom.
You were a beloved toy of Xom.
You visited 1 branch of the dungeon, and saw 4 of its levels.

You collected 183 gold pieces.
You spent 22 gold pieces at shops.

Inventory:

Hand Weapons
 a - a +0 short sword of chaos
 p - a +2 dagger of draining (weapon)
Missiles
 j - 4 poisoned darts
Armour
 b - a +2 leather armour (worn)
 m - the +1 pair of boots of Panentheism (worn) {rC+ Str+3}
   (You found it on level 2 of the Dungeon)

   Str:       It affects your strength (+3).
   rC:        It protects you from cold.
Jewellery
 i - a ring of protection from cold (left hand)
 k - a +6 ring of dexterity (right hand)
Wands
 q - a wand of flame (4)
Scrolls
 h - a scroll of fog {unknown}
 l - a scroll of teleportation {unknown}
 n - a scroll of identify
Potions
 d - a potion of mutation {unknown}
 e - 2 potions of curing {unknown}
 f - a potion of heal wounds {unknown}
 o - 2 potions of degeneration {unknown}
Miscellaneous
 c - a piece from Xom's chessboard (15/15) (quivered)


   Skills:
 + Level 3.7 Fighting
 + Level 3.8 Short Blades
 + Level 2.5 Armour
 + Level 1.5 Dodging
 + Level 0.4 Stealth


You had 3 spell levels left.
You didn't know any spells.
Your spell library was empty.

Dungeon Overview and Level Annotations

Branches:
Dungeon (4/15)
 Temple: D:4-7

Altars:

Shops:
D:1 =   D:2 *

Annotations:
D:4 Dowan, Duvessa


Message History

Duvessa is severely wounded.
You feel very sick.
Duvessa hits you with a +1 short sword of venom.
You are more poisoned.
Dowan hits you with a +0 dagger.
You hit Duvessa but do no damage. You drain Duvessa.
Duvessa is almost dead.
You feel very sick.
Xom opens a gate.
Duvessa barely misses you.
You hit Duvessa but do no damage.
Duvessa is almost dead.
You feel very sick. Dowan closely misses you.
Duvessa hits you with a +1 short sword of venom.
* * * LOW HITPOINT WARNING * * *
You are more poisoned.
What are your orders? t - Shout!
Orders for allies: a - Attack new target. r - Retreat! s - Stop attacking. g - Guard the area. f - Follow me.
Anything else - Cancel.
Okay, then.
Non-targeted evoke: piece from Xom's chessboard (15/15)
Press: ? - help, Q - select action, (/) - cycle Dir - look around, f - activate You can't see that place.
Okay, then.
As you read the scroll labelled KEQUTO UHESOIT, it crumbles to dust.
It is a scroll of amnesia.
You feel forgetful for a moment.
* * * LOW HITPOINT WARNING * * *
You feel very sick. Duvessa misses you.
Your shadow imp gestures at Duvessa.
Dowan struggles to resist.
Dowan hits you with a +0 dagger.
* * * LOW HITPOINT WARNING * * *
Duvessa hits you with a +1 short sword of venom.
You die...
Xom is highly amused!

.#.#.#####
......§@§#
##...5§ee#
##...§..#
#.../...
#........
######....
.....
......


You could see Duvessa (fast, very drained, ally target), Dowan and a friendly
shadow imp (summoned).

Vanquished Creatures
  Natasha (D:3)
  An adder (D:3)
  A worm (D:2)
  2 orcs
  5 endoplasms
  3 giant cockroaches
  4 goblins (D:1)
  3 hobgoblins
  3 jackals (D:1)
  3 quokkas
  3 bats
  A frilled lizard (D:1)
  2 kobolds
  2 rats (D:2)
34 creatures vanquished.

Notes
Turn   | Place    | Note
-------+----------+-------------------------------------------
     0 | D:1      | sampeng1 the Human Chaos Knight began the quest for the
                  | Orb.
     0 | D:1      | Reached XP level 1. HP: 18/18 MP: 1/1
   103 | D:1      | Found Riqec's Jewellery Boutique.
   202 | D:1      | Reached XP level 2. HP: 19/24 MP: 2/2
   476 | D:1      | XOM: potion effect (might)
   498 | D:2      | Reached XP level 3. HP: 29/29 MP: 3/3
   560 | D:2      | Found Aleotipn's General Store.
   562 | D:2      | Identified the +1 pair of boots of Panentheism {rC+ Str+3}
   618 | D:2      | Bought a scroll of identify for 22 gold pieces
   687 | D:2      | XOM: divination: detect items
   737 | D:3      | Noticed Natasha
   752 | D:3      | Killed Natasha
   753 | D:3      | Reached XP level 4. HP: 21/37 MP: 4/4
   863 | D:4      | Noticed Duvessa
   863 | D:4      | Noticed Dowan
   872 | D:4      | XOM: smoke on damage
   874 | D:4      | XOM: summons friendly shadow imp
   876 | D:4      | Slain by Duvessa

Illustrated notes

Levels and vault maps discovered:
D:1:      saegor_arrival_simple_e, layout_loops_ring, serial_shops,
          nicolae_lakefront_shop
D:2:      layout_rooms, serial_shops, shop_coins, minmay_circle_x
D:3:      layout_loops_cross, hellmonk_ecumenical_altar_blasted,
          hangedman_decor_clover_reticule, uniq_natasha, uniq_terence,
          uniq_jessica, uniq_ijyb
D:4:      layout_basic, chequers_temple_overflow_minitemple,
          gammafunk_temple_overflow_arena, hellmonk_ghost_happy_afterlife,
          grunt_decor_arrowhead, uniq_crazy_yiuf_cottage, uniq_duvessa

Action                     |  1- 3 |  4- 6 || total
---------------------------+-------+-------++-------
  Melee: Short sword       |    81 |       ||    81
         Dagger            |    16 |    18 ||    34
         Punch             |     1 |     1 ||     2
    Use: Scroll            |     1 |     1 ||     2
   Stab: Sleeping          |     1 |       ||     1
 Armour: Leather armour    |    31 |     3 ||    34
  Dodge: Dodged            |    55 |    12 ||    67

Table legend: (Time is in decaauts)
 A = Elapsed time spent in this place.
 B = Non-inter-level travel time spent in this place.
 C = Inter-level travel time spent in this place.
 D = Time resting spent in this place.
 E = Time spent auto-exploring this place.
 F = Levels seen in this place.
 G = Mean time per level.
                   A        B        C        D        E       F      G
               +--------+--------+--------+--------+--------+-----+--------+
         Total |    853 |    840 |     13 |      0 |    331 |   4 |  213.2 |
       Dungeon |    853 |    840 |     13 |      0 |    331 |   4 |  213.2 |
               +--------+--------+--------+--------+--------+-----+--------+

Top non-repeatable levels by time:
     D:1: 486 daAuts
     D:2: 200 daAuts
     D:3: 155 daAuts
     D:4: 10 daAuts
